Map: Vallée des cactus EC

Players

Moisturizer

  • Race: Terran Terran
  • League: Grandmaster

AgCl - Winner!

  • Race: Protoss Protoss
  • League: Grandmaster

VOD

Have the link to the VOD?

Description

Time

  • Played on: June 19, 2015, 11:01 p.m.
  • Length: 7:36
Show
View Real Time Build Order
Export as new Build Order

Moisturizer Terran 

Build Orders: 1/1/1, Siege Tank Drop 

Get SALT Encoding   

  12  0:01  SCV  
  13  0:16  Supply Depot  
  13  0:18  SCV  
  14  0:30  SCV  
  14  0:35  Refinery  
  15  0:44  SCV  
  16  0:50  Barracks  
  16  0:56  SCV  
  17  1:07  Refinery  
  17  1:08  SCV  
  18  1:20  SCV  
  20  1:32  SCV  
  20  1:38  Supply Depot  
  20  1:42  Factory  
  20  1:44  Barracks Tech Lab  
  20  1:45  SCV  
  21  1:57  SCV  
  22  2:08  Marine  
  23  2:10  Orbital Command  
  23  2:29  Starport  
  23  2:36  Hellion  
  24  2:39  SCV  
  24  2:51  SCV  
  24  2:55  Factory  
  25  3:03  SCV  
  26  3:11  Factory Tech Lab  
  26  3:23  Medivac  
  26  3:25  Marine  
  29  3:27  SCV  
  29  3:28  Barracks  
  29  3:32  Supply Depot  
  30  3:40  Factory Tech Lab  
  30  3:42  Supply Depot  
  30  3:43  Marine  
  31  3:53  Siege Tank  
  34  3:56  SCV  
  34  4:00  Marine  
  36  4:08  SCV  
  34  4:18  Marine  
  34  4:19  Marine  
  31  4:34  Widow Mine  
  31  4:36  Marine  
  31  4:37  Marine  
  35  4:46  SCV  
  36  4:54  Marine x2  
  36  4:58  SCV  
  36  4:59  Bunker  
  39  5:04  Engineering Bay  
  39  5:10  SCV  
  39  5:12  Siege Tank, Marine  
  44  5:18  Supply Depot  
  44  5:20  Supply Depot  
  44  5:30  Marine  
  45  5:40  Siege Tank  
  48  5:51  Siege Tank  
  48  5:55  Medivac  
  53  6:10  SCV  
  54  6:16  Command Center  
Show
View Real Time Build Order
Export as new Build Order

AgCl Protoss - Winner!

Build Orders: Oracle Opening, Carrier Rush 

Get SALT Encoding   

  12  0:13  Pylon  
  12  0:22  Probe  
  12  0:25  Assimilator  
  13  0:34  Probe (Chrono Boost)  
  14  0:46  Probe (Chrono Boost)  
  14  0:49  Gateway  
  15  0:55  Probe (Chrono Boost)  
  16  1:03  Probe  
  17  1:15  Probe  
  18  1:27  Probe  
  18  1:28  Assimilator  
  19  1:34  Pylon  
  19  1:39  Probe, Zealot (Chrono Boost)  
  22  1:52  Probe (Chrono Boost)  
  22  1:53  Cybernetics Core  
  23  2:03  Probe (Chrono Boost)  
  24  2:09  Probe  
  25  2:21  Probe (Chrono Boost)  
  26  2:26  Pylon  
  26  2:30  Stargate  
  26  2:34  Mothership Core (Chrono Boost)  
  28  2:59  Nexus  
  28  3:13  Oracle (Chrono Boost)  
  31  3:24  Fleet Beacon  
  31  3:25  Warp Gate (Chrono Boost)  
  29  3:31  Adept  
  31  3:44  Pylon  
  31  4:06  Fleet Beacon  
  31  4:12  Carrier (Chrono Boost)  
  31  4:27  Probe  
  32  4:35  Probe (Chrono Boost)  
  39  4:41  Assimilator  
  39  4:45  Probe (Chrono Boost)  
  41  4:47  Probe (Chrono Boost)  
  41  4:48  Assimilator  
  42  4:53  Probe (Chrono Boost), Pylon  
  42  4:54  Forge  
  42  4:56  Probe (Chrono Boost)  
  42  4:57  Pylon  
  43  5:05  Probe (Chrono Boost)  
  45  5:08  Probe (Chrono Boost)  
  45  5:11  Probe  
  45  5:12  Protoss Air Weapons Level 1 (Chrono Boost)  
  46  5:19  Probe  
  47  5:23  Probe  
  47  5:27  Graviton Catapult  
  48  5:31  Probe  
  48  5:34  Carrier (Chrono Boost)  
  50  5:37  Probe (Chrono Boost)  
  50  5:44  Probe (Chrono Boost)  
  52  5:50  Pylon  
  59  5:57  Probe x2 (Chrono Boost)  
  59  6:08  Probe (Chrono Boost)  
  61  6:13  Probe (Chrono Boost)  
  61  6:17  Photon Cannon  
  62  6:19  Probe (Chrono Boost)  
  62  6:22  Probe (Chrono Boost), Stargate  
  63  6:26  Probe  
  63  6:28  Pylon  
  63  6:32  Probe  
  65  6:38  Probe  
  66  6:42  Adept  
  66  6:44  Probe  
  66  6:48  Pylon  
  66  6:50  Probe  
  73  6:56  Probe  
  80  7:26  Adept  
Tags
 
Add a new tag
Caveats
  • Supply blocks, unpowered buildings, or Contaminate may cause inaccurate times.
  • Supply counts are checked every 10 seconds.